 Dungeon Crawl Stone Soup version 0.26.1 (webtiles) character file.

Game seed: 17880410625390688424

3699 Majorwet the Zephyrmancer (level 9, -3/75 HPs)
             Began as a Pale Draconian Air Elementalist on Feb 3, 2021.
             Was a Follower of Cheibriados.
             Slain by a large slime creature (19 damage)
             ... on level 7 of the Dungeon on Feb 4, 2021.
             The game lasted 00:51:37 (13742 turns).

Majorwet the Zephyrmancer (DrAE)                   Turns: 13742, Time: 00:51:37

Health: -3/75      AC: 13    Str: 15    XL:     9   Next: 91%
Magic:  14/19      EV: 15    Int: 25    God:    Cheibriados [*.....]
Gold:   413        SH:  0    Dex: 15    Spells: 14/21 levels left

rFire    . . .     SeeInvis .   A - +5 trident "Gihedd" {holy, *Slow +Blink rElec Int+5}
rCold    . . .     Faith    .   (no shield)
rNeg     . . .     Spirit   .   (armour unavailable)
rPois    +         Reflect  .   (helmet restricted)
rElec    +         Harm     .   v - +1 cloak
rCorr    .         Rampage  .   b - +0 pair of gloves
Will     .....                  L - +2 pair of boots
Stlth    ++........             e - amulet of magic regeneration
HPRegen  0.22/turn              l - ring of poison resistance
MPRegen  0.41/turn              D - ring of flight

@: short of breath, very slow
A: breathe steam, unfitting armour, cold-blooded, AC +7
a: Breathe Steam, Renounce Religion, Evoke Blink, Evoke Flight, Bend Time


You were on level 7 of the Dungeon.
You worshipped Cheibriados.
Cheibriados was aware of your devotion.
You visited 2 branches of the dungeon, and saw 9 of its levels.

You collected 413 gold pieces.

Inventory:

Hand Weapons
 m - a +3 dagger of venom
 A - the +5 trident "Gihedd" (weapon) {holy, *Slow +Blink rElec Int+5}
   (You found it on level 6 of the Dungeon)

   It has been blessed by the Shining One to cause great damage to the undead
   and demons.
   It affects your intelligence (+5).
   It insulates you from electricity.
   It lets you blink.
   It may slow you when you take damage.
 F - the +8 rapier "Leviticus" {vorpal, *Corrode rElec Str+5 Int-3}
   (You found it on level 7 of the Dungeon)

   It inflicts extra damage upon your enemies.
   It affects your strength (+5).
   It affects your intelligence (-3).
   It insulates you from electricity.
   It may corrode you when you take damage.
 G - a +3 vorpal battleaxe
 H - the +9 scimitar of the Lumpy Persimmons {vorpal, +Inv rPois Str+2 Int-4}
   (You found it on level 7 of the Dungeon)

   It inflicts extra damage upon your enemies.
   It affects your strength (+2).
   It affects your intelligence (-4).
   It protects you from poison.
   It lets you turn invisible.
Armour
 b - a +0 pair of gloves (worn)
 v - a +1 cloak (worn)
 L - a +2 pair of boots (worn)
Magical Staves
 o - an uncursed staff of air
Jewellery
 e - an amulet of magic regeneration (around neck)
 l - a ring of poison resistance (left hand)
 D - a ring of flight (right hand)
 M - a cursed ring of teleportation {unknown}
Wands
 k - a wand of random effects (13)
 s - a wand of polymorph (3)
 w - a wand of iceblast (6)
 y - a wand of flame (28)
Scrolls
 a - a scroll of amnesia
 d - 2 scrolls of blinking
 f - 2 scrolls of fog
 g - 3 scrolls of enchant armour
 i - 5 scrolls of teleportation
 j - a scroll of random uselessness {unknown}
 n - a scroll of immolation
 p - a scroll of noise
 q - 2 scrolls of magic mapping
 u - a scroll of remove curse
 x - 3 scrolls of enchant weapon
 B - a scroll of vulnerability
 I - a scroll of identify
Potions
 c - 2 potions of degeneration {unknown}
 h - a potion of brilliance
 r - 3 potions of lignification {unknown}
 t - a potion of magic
 z - 3 potions of heal wounds {unknown}
 C - a potion of flight {unknown}
 E - a potion of curing {unknown}
 J - a potion of berserk rage {unknown}
 K - a potion of ambrosia {unknown}


   Skills:
 * Level 6.2 Fighting
 + Level 2.4(2.9) Polearms
 - Level 2.3(2.8) Staves
 * Level 5.2 Dodging
 - Level 1.8 Stealth
 + Level 6.9 Spellcasting
 + Level 4.2 Conjurations
 + Level 8.6 Air Magic
 + Level 0.3 Evocations


You had 14 spell levels left.
You knew the following spells:

 Your Spells              Type           Power        Failure   Level
a - Shock                 Conj/Air       100%         1%          1
b - Airstrike             Air            25%          1%          4
c - Blink                 Tloc           N/A          11%         2

Your spell library contained the following spells:

 Spells                   Type           Power        Failure   Level
 Magic Dart               Conj           100%         1%          1
 Swiftness                Air            51%          1%          2
 Static Discharge         Conj/Air       40%          1%          3
 Foxfire                  Conj/Fire      76%          2%          1
 Mephitic Cloud           Conj/Pois/Air  30%          3%          3
 Corona                   Hex            8%           7%          1
 Conjure Flame            Conj/Fire      19%          9%          3
 Dazzling Flash           Conj/Hex       38%          9%          3
 Call Imp                 Summ           8%           11%         2
 Ensorcelled Hibernation  Hex/Ice        16%          11%         2
 Slow                     Hex            8%           11%         2
 Lightning Bolt           Conj/Air       20%          13%         5
 Confusing Touch          Hex            8%           21%         3
 Inner Flame              Hex/Fire       8%           21%         3
 Tukima's Dance           Hex            8%           21%         3
 Sticky Flame             Conj/Fire      19%          28%         4
 Fireball                 Conj/Fire      9%           61%         5


Dungeon Overview and Level Annotations

Branches:
Dungeon (8/15)             Temple (1/1) D:7
   Lair: D:8-11

Altars:
Ashenzari
Cheibriados
Dithmenos
Elyvilon
Fedhas
Gozag
Kikubaaqudgha
Makhleb
Nemelex Xobeh
Okawaru
Qazlal
Ru
Sif Muna
Trog
Uskayaw
Vehumet
Xom
Yredelemnul
Zin
The Shining One
Beogh

Shops:
D:6 [


Innate Abilities, Weirdness & Mutations

You can breathe blasts of scalding, opaque steam.
Your pale cyan-grey scales are hard. (AC +7)
You cannot fit into any form of body armour.
You are cold-blooded and may be slowed by cold attacks.


Message History

The flow of time bends around you.
The large slime creature resists with some effort.
The large slime creature hits you!!
* * * LOW HITPOINT WARNING * * *
Press: ? - help, Shift-Dir - straight line, f - large slime creature
Aim: a large slime creature (lightly wounded)
You exhale a blast of scalding steam.
The ball of steam hits the large slime creature!
The large slime creature is lightly wounded.
The large slime creature is engulfed in a cloud of scalding steam.
The large slime creature closely misses you.
Blink to where?
Press: ? - help, Dir - move target, p - large slime creature You can't see that place. [the floor.]
Okay, then.
You fail to use your ability.
The large slime creature is engulfed in a cloud of scalding steam.
The large slime creature hits you!!
You die...

......#...........# #.§#
##.#####.#.#......####.J#
##.# #.##.<....###....#
#.# #.###.#######.#.##
##.# #...........#.#.#
.#.# #####.#####.#.#.#
...# #.# #.#.#.# ##.#
#.#####.#.#.# ##.#
#....@J§....# ...#
#######.#.### ####
############.#.# #
#..............# ##
#.######.####### .# #.#
#.# .# #.# #.# .######.##
#.# .........# #.#


You could see a large slime creature.

Vanquished Creatures
  An ugly thing (D:7)
  A troll (D:8)
  2 slime creatures (D:7)
  A water moccasin (D:7)
  3 ice beasts (D:7)
  An ogre (D:5)
  2 orc warriors
  A centaur (D:8)
  Blork the orc (D:4)
  A bullfrog (D:7)
  A water moccasin zombie (D:7)
  2 scorpions
  6 killer bees (D:7)
  5 wights
  A bullfrog zombie (D:5)
  2 centaur zombies
  2 bullfrog skeletons (D:7)
  2 gnoll shamans
  4 orc wizards
  4 orc priests
  2 hounds
  3 jellies (D:7)
  Natasha (twice) (D:3)
  8 worker ants
  A killer bee zombie (D:7)
  A hound zombie (D:7)
  2 hound skeletons
  A worker ant zombie (D:5)
  A howler monkey skeleton (D:5)
  8 gnolls
  13 adders
  A shadow imp (D:7)
  2 white imps
  2 oozes
  An adder zombie (D:5)
  An adder skeleton (D:5)
  A worm (D:3)
  4 dart slugs
  4 leopard geckos
  29 orcs
  7 bats
  5 giant cockroaches
  7 goblins
  9 hobgoblins
  6 kobolds
  A quokka (D:3)
  4 frilled lizards
  A leopard gecko skeleton (D:7)
  A quokka skeleton (D:4)
  8 rats
179 creatures vanquished.

Notes
Turn   | Place    | Note
-------+----------+-------------------------------------------
     0 | D:1      | Majorwet the Draconian Air Elementalist began the quest for
                  | the Orb.
     0 | D:1      | Reached XP level 1. HP: 14/14 MP: 3/3
   501 | D:1      | Reached XP level 2. HP: 7/20 MP: 0/5
  1304 | D:1      | Reached XP level 3. HP: 26/27 MP: 0/6
  2448 | D:2      | Reached skill level 1 in Fighting
  2899 | D:2      | Reached XP level 4. HP: 35/35 MP: 3/7
  3939 | D:3      | Reached skill level 4 in Air Magic
  4030 | D:3      | Reached XP level 5. HP: 27/41 MP: 0/9
  4045 | D:3      | Found a white marble altar of Elyvilon.
  4396 | D:3      | Learned a level 4 spell: Airstrike
  4770 | D:3      | Found a sparkling altar of Nemelex Xobeh.
  4982 | D:3      | Noticed Natasha
  4990 | D:3      | Killed Natasha
  5113 | D:3      | Noticed Natasha
  5118 | D:3      | Killed Natasha
  5292 | D:4      | Reached XP level 6. HP: 50/50 MP: 4/10
  5441 | D:4      | Noticed Blork the orc
  5453 | D:4      | Killed Blork the orc
  5454 | D:4      | Reached skill level 1 in Staves
  6129 | D:5      | Entered Level 5 of the Dungeon
  6355 | D:5      | Your scales start taking on a pale cyan-grey colour.
  6355 | D:5      | Reached skill level 5 in Air Magic
  6355 | D:5      | Reached XP level 7. HP: 47/57 MP: 0/12
  7503 | D:5      | Learned a level 2 spell: Blink
  8202 | D:6      | Found Iwniylui's Armour Emporium.
  8383 | D:6      | Got a brightly glowing trident
  8384 | D:6      | Identified the +5 trident "Gihedd" {holy, *Slow +Blink
                  | rElec Int+5} (You found it on level 6 of the Dungeon)
  8817 | D:7      | Found a staircase to the Ecumenical Temple.
  8828 | D:7      | Reached XP level 8. HP: 48/66 MP: 9/14
  9121 | D:6      | Upgraded the game from 0.26.0-91-g99b343417d to 0.26.1
  9168 | D:7      | Reached skill level 6 in Air Magic
  9401 | D:7      | Reached skill level 1 in Polearms
  9745 | D:7      | Reached skill level 5 in Spellcasting
  9902 | Temple   | Entered the Ecumenical Temple
 10035 | Temple   | Became a worshipper of Cheibriados the Contemplative
 10143 | D:7      | Found a roughly hewn altar of Beogh.
 10398 | D:7      | Reached skill level 5 in Fighting
 10766 | D:7      | Reached XP level 9. HP: 63/74 MP: 0/17
 10961 | D:7      | Found the +8 orange crystal plate armour {Archmagi, Int+3
                  | Clar}
 10965 | D:7      | Reached skill level 7 in Air Magic
 11047 | D:7      | Got a crystal rapier
 11048 | D:7      | Identified the +8 rapier "Leviticus" {vorpal, *Corrode
                  | rElec Str+5 Int-3} (You found it on level 7 of the Dungeon)
 11063 | D:7      | Noticed a cyan ugly thing
 11073 | D:7      | Killed a cyan ugly thing
 11444 | D:7      | Noticed a boulder beetle
 12166 | D:7      | Got an iridescent scimitar
 12169 | D:7      | Identified the +9 scimitar of the Lumpy Persimmons {vorpal,
                  | +Inv rPois Str+2 Int-4} (You found it on level 7 of the
                  | Dungeon)
 12517 | D:8      | Reached * piety under Cheibriados
 12913 | D:8      | Reached skill level 5 in Dodging
 13080 | D:8      | Noticed a troll
 13083 | D:8      | Killed a troll
 13084 | D:8      | Reached skill level 8 in Air Magic
 13742 | D:7      | Slain by a large slime creature

Illustrated notes

Levels and vault maps discovered:
D:1:      dpeg_cavernosity, layout_basic
D:2:      layout_basic, kennysheep_small_spiral
D:3:      layout_basic, elyvilon_altar_5, nemelex_diamond_rough_becter,
          uniq_natasha
D:4:      layout_loops_cross, minivault_4, chequers_serial_rivers_room_a,
          uniq_blork_the_orc
D:5:      layout_basic, chequers_serial_rivers_marsh
D:6:      layout_gridville, serial_shops, nicolae_shop_trees
D:7:      minmay_the_grid_plus_closed [minmay_the_grid_paths,
          minmay_the_grid_odd_star, minmay_the_grid_outer_diamond,
          minmay_the_grid_small_cups,
          minmay_the_grid_prize_four_corners_diamond_a], layout_loops_ring,
          minmay_temple_entry_ruins, david_defended_altar_orc
D:8:      layout_cave_pods
Temple:   regret_index_temple_sigil_plot

Skill      XL: |  1  2  3  4  5  6  7  8  9 |
---------------+----------------------------+-----
Dodging        | 2 3 4 5 |  5.2
Fighting       | 1 2 3 5 6 |  6.2
Conjurations   | 2 3 4 |  4.2
Air Magic      | 4 5 6 8 |  8.6
Spellcasting   | 3 4 5 6 |  6.9
Staves         | 1 2 |  2.3
Polearms       | 1 2 |  2.4
Stealth        | |  1.8
Evocations     | |  0.3

Action                   |  1- 3 |  4- 6 |  7- 9 || total
-------------------------+-------+-------+-------++-------
Melee: Unarmed           |    14 |       |       ||    14
       Club              |    14 |    11 |       ||    25
       Tailslap          |     4 |     5 |     9 ||    18
       Short sword       |       |     4 |       ||     4
       Staff             |       |    24 |     2 ||    26
       Dagger            |       |     4 |       ||     4
       Trident           |       |       |    65 ||    65
 Cast: Shock             |    87 |   138 |    80 ||   305
       Airstrike         |       |       |   110 ||   110
Invok: Bend Time         |       |       |     1 ||     1
 Abil: Breathe Steam     |       |       |    12 ||    12
       Evoke Blink       |       |       |     5 ||     5
  Use: Scroll            |       |       |    16 ||    16
 Stab: Sleeping          |       |     1 |       ||     1
Armor: Skin              |    12 |    22 |    56 ||    90
Dodge: Dodged            |    30 |    68 |   152 ||   250
